 Dungeon Crawl Stone Soup version 0.19.5 (webtiles) character file.

29925 equalderp2856 the Ripper (level 13, -10/62 HPs)
             Began as a Felid Fighter on Mar 6, 2017.
             Mangled by Scuka's ghost (11 damage)
             ... on level 4 of the Lair of Beasts.
             The game lasted 03:21:59 (55132 turns).

equalderp2856 the Ripper (Felid Fighter)           Turns: 55132, Time: 03:21:59

Health: -10/62     AC:  3    Str: 13    XL:     13   Next: 17%
Magic:  19/19      EV: 32    Int: 11    God:
Gold:   1781       SH:  0    Dex: 24    Spells: 7 memorised, 7 levels left
                                        Lives:  0   Deaths: 4

rFire  . . .     SeeInvis +       - Unarmed
rCold  + . .     Gourm    .     (armour unavailable)
rNeg   . . .     Faith    .     (shield unavailable)
rPois  .         Spirit   .     (helmet unavailable)
rElec  .         Reflect  .     (cloak unavailable)
rCorr  .         Harm     .     (gloves unavailable)
MR     +....                    (boots unavailable)
Stlth  +++++++...               (no amulet)
                                (no ring)
                                Q - +6 ring of dexterity

@: studying Transmutations, repel missiles, quick
A: no armour, no weapons or thrown items, stealth, claws 1, fangs 3, see
invisible, carnivore 3, speed 1, shaggy fur 3, slow metabolism 1, sharp paws
a: no special abilities


You were on level 4 of the Lair of Beasts.
You were not hungry.

You visited 3 branches of the dungeon, and saw 22 of its levels.

You collected 1781 gold pieces.

Inventory:

Missiles
 q - 449 arrows
Jewellery
 l - an uncursed ring of protection from magic
 n - an uncursed ring of protection from fire
 u - an uncursed ring of protection from cold
 J - the ring of Attitude {rCorr *Slow rF+++ rC+ Str+2}
   (You found it on level 1 of the Lair of Beasts)

   [ring of resist corrosion]

   It affects your strength (+2).
   It renders you almost immune to fire.
   It protects you from cold.
   It may slow you when you take damage.
 K - the ring "Ewkipn" {-Tele +Inv MR- Int+8 Stlth+}
   (You found it on level 1 of the Lair of Beasts)

   [ring of stealth]

   It affects your intelligence (+8).
   It affects your resistance to hostile enchantments.
   It lets you turn invisible.
   It prevents most forms of teleportation.
   It makes you more stealthy.
 Q - a +6 ring of dexterity (left paw)
 S - an uncursed ring of fire
 T - an uncursed ring of wizardry
 U - the amulet "Bextuxtia" {Spirit rElec MR++ Str-5 Dex+8}
   (You found it on level 14 of the Dungeon)

   [amulet of guardian spirit]

   It causes incoming damage to be split between your health and magic.
   It affects your strength (-5).
   It affects your dexterity (+8).
   It insulates you from electricity.
   It affects your resistance to hostile enchantments.
 Z - an uncursed ring of resist corrosion
Wands
 k - a wand of lightning (2/15)
 t - a wand of heal wounds (3/9)
 C - a wand of flame (24/48)
 E - a wand of acid (8/15)
 G - a wand of lightning (5/15)
 I - a wand of digging (6/24)
 L - a wand of iceblast (8/15)
 M - a wand of lightning (6/15)
 W - a wand of random effects (32/48)
 Y - a wand of acid (9/15)
Scrolls
 e - 6 scrolls of magic mapping
 g - 2 scrolls of teleportation
 p - 4 scrolls of fog
 s - 7 scrolls of identify
 y - 4 scrolls of recharging
 H - 5 scrolls of fear
 N - 4 scrolls of amnesia
 P - 5 scrolls of remove curse
Potions
 a - 3 potions of might
 c - 2 potions of heal wounds
 h - a potion of flight
 j - 2 potions of lignification
 m - 2 potions of agility
 r - 6 potions of invisibility
 x - 3 potions of cancellation
 A - 3 potions of mutation
 B - 5 potions of brilliance
 D - 3 potions of cure mutation
 F - a potion of magic
 O - 2 potions of resistance
 R - 2 potions of ambrosia
 V - a potion of haste
Books
 d - a manual of Transmutations
 f - a book of Misfortune

   Spells                             Type                      Level
   a - Confusing Touch                Hexes                        1
   b - Confuse                        Hexes                        3
   c - Gell's Gravitas                Hexes/Translocation          3
   d - Petrify                        Transmutation/Earth          4
   e - Metabolic Englaciation         Hexes/Ice                    5
   f - Yara's Violent Unravelling     Hexes/Transmutation          5
 v - a book of Burglary

   Spells                             Type                      Level
   a - Swiftness                      Charms/Air                   2
   b - Passwall                       Transmutation/Earth          2
   c - Passage of Golubria            Translocation                4
   d - Lee's Rapid Deconstruction     Earth                        5
   e - Darkness                       Hexes                        6
   f - Invisibility                   Hexes                        6
 w - a book of Air

   Spells                             Type                      Level
   a - Shock                          Conjuration/Air              1
   b - Swiftness                      Charms/Air                   2
   c - Repel Missiles                 Charms/Air                   2
   d - Static Discharge               Conjuration/Air              3
   e - Lightning Bolt                 Conjuration/Air              5
 X - a book of Conjurations

   Spells                             Type                      Level
   a - Magic Dart                     Conjuration                  1
   b - Searing Ray                    Conjuration                  2
   c - Dazzling Spray                 Conjuration/Hexes            3
   d - Fulminant Prism                Conjuration/Hexes            4
   e - Iskenderun's Mystic Blast      Conjuration                  4
   f - Iskenderun's Battlesphere      Conjuration/Charms           5
Comestibles
 b - 8 meat rations
 i - 11 bread rations
 o - 3 beef jerkies
 z - 20 fruits


   Skills:
 * Level 10.3 Fighting
 + Level 12.5 Dodging
 + Level 16.0 Stealth
 + Level 18.5 Unarmed Combat
 + Level 3.8 Spellcasting
 + Level 3.2 Conjurations
 + Level 1.3 Charms
 + Level 3.0 Air Magic


You had 7 spell levels left.
You knew the following spells:

 Your Spells              Type           Power        Failure   Level  Hunger
a - Shock                 Conj/Air       #...         10%         1    #......
b - Repel Missiles        Chrm/Air       #.....       17%         2    ##.....
c - Swiftness             Chrm/Air       #.......     17%         2    ##.....
d - Magic Dart            Conj           #...         10%         1    #......
e - Passwall              Tmut/Erth      #.........   43%         2    ##.....
f - Confusing Touch       Hex            #.....       30%         1    #......
g - Confuse               Hex            #.......     83%         3    ###....


Dungeon Overview and Level Annotations

Branches:
Dungeon (15/15)            Temple (0/1) D:5            Lair (6/6) D:8
  Swamp (0/4) Lair:4        Snake (1/4) Lair:4          Orc (0/2) D:12
 Vaults (0/5) D:13         Depths (0/5) D:15
  Slime: Lair:5-6

Altars:
Ashenzari
Cheibriados
Dithmenos
Makhleb
Okawaru
Ru
Sif Muna
Trog
Yredelemnul
Beogh

Shops:
Snake:1 *

Annotations:
D:3 Shiggs's ghost, amateur GrFE
D:4 Grinder
Lair:4 Scuka's ghost, journeyman CeHu
Lair:5 Nessos


Innate Abilities, Weirdness & Mutations

You cannot wear armour.
You are incapable of wielding weapons or throwing items.
Your paws allow you to move quietly. (Stealth)
You have sharp claws.
You have razor-sharp teeth.
You have supernaturally acute eyesight. (SInv)
You are carnivorous and can eat meat at any time.
You cover ground quickly.
Your thick and shaggy fur keeps you warm. (AC +3, rC+)
You have a slow metabolism.
Your sharp claws are effective at attacking unaware monsters.


Message History

The yak misses you. The yak gores you.
Scuka's ghost screams, "Zot is a myth, the ORB is a fable, you'll soon be a tale!"
Scuka's ghost screams, "What do you have that I didn't have?"
There is a stone staircase leading up here.
Scuka's ghost hits you!!
You stop ascending the stairs.
You die...
Scuka's ghost burns you.
You are now level 13!
You rejoin the land of the living...
Unknown command.
You scratch Scuka's ghost. Your claw misses Scuka's ghost.
Scuka's ghost is lightly damaged.
Scuka's ghost hits you!! Scuka's ghost burns you.
You see here a runed quarterstaff.
Scuka's ghost hits you. Scuka's ghost burns you.
Scuka's ghost says, "Do you have an apple?
I have a shot I want to try."
Scuka's ghost hits you!!
* * * LOW HITPOINT WARNING * * *
Scuka's ghost burns you!
You die...

#.....###.#### ### #....P# #P
#.)...# ### #...### #. ##...##
##..## #. ###.## ##...# #. #...#
#####.P.##### ## #..####
#P#.#PP.###.##### ....#.##
#######..........#....# ......P#
#.#.P#....YYY.......)..
.......#####....@W..........#.#..
♣...♣...##...####..........###...
P....♣).....)# ##..........P#.#..
P♣.♣P..[###### #............##...
..>.....# #............###.'
.♣.♣....# ##..........## ###
P....♣..### ###.#...#P## #
♣...♣.....# ##.###### ........P##
###


You could see 3 yaks and Scuka's ghost.

Vanquished Creatures
  Gastronok (D:10)
  An entropy weaver (Lair:5)
  An ettin (D:10)
  A yaktaur captain (D:15)
  3 hydras
  2 naga warriors (Snake:1)
  Harold (Lair:2)
  4 centaur warriors
  A death knight (D:14)
  A shock serpent (Snake:1)
  2 skeletal warriors (D:12)
  2 unseen horrors (D:14)
  2 flayed ghosts
  12 hill giants
  An orc knight (D:12)
  An oklob plant (Lair:4)
  A deep elf mage (D:12)
  7 cyclopes
  3 manticores
  5 ugly things
  8 elephants
  Joseph (D:8)
  2 molten gargoyles (Lair:5)
  8 black mambas
  A gargoyle (D:11)
  An efreet (D:15)
  A freezing wraith (D:13)
  8 spiny frogs
  2 kobold demonologists
  3 rime drakes
  10 komodo dragons
  5 trolls
  A tyrant leech (Lair:4)
  6 two-headed ogres
  2 hornets
  16 blink frogs
  4 slime creatures (D:15)
  13 hippogriffs
  A spriggan (D:7)
  2 shadows
  3 water elementals (D:12)
  4 wraiths
  5 wyverns
  A human (shapeshifter) (D:13)
  3 basilisks
  Grum (D:8)
  39 yaks
  3 hungry ghosts
  A naga (shapeshifter) (D:13)
  3 mottled dragons
  9 vampire mosquitoes
  4 soldier ants
  20 water moccasins
  7 nagas
  A swamp worm (Lair:4)
  11 porcupines
  9 orc warriors
  6 ice beasts
  A black bear (D:12)
  8 sky beasts
  2 phantoms
  12 wolves
  4 eyes of draining
  13 centaurs
  7 ogres
  3 big kobolds
  14 crocodiles
  20 bullfrogs
  2 wyvern zombies (D:11)
  5 scorpions
  12 wights
  5 howler monkeys
  3 electric eels (D:12)
  9 crimson imps
  3 centaur zombies
  5 lava snakes (Lair:5)
  2 quasits
  5 bullfrog zombies
  6 jellies
  13 orc priests
  16 orc wizards
  6 hounds
  A bullfrog skeleton (D:11)
  7 human zombies (D:9)
  Terence (D:3)
  4 centaur skeletons
  19 worker ants
  6 iguanas
  2 hell rats (D:8)
  A hound zombie (D:9)
  A mummy (D:9)
  3 worker ant zombies
  4 river rats (D:8)
  11 adders
  5 shadow imps
  2 oozes
  An adder skeleton (D:4)
  3 worms
  3 leopard geckos
  71 orcs
  6 giant cockroaches
  7 goblins
  6 hobgoblins
  6 jackals
  8 quokkas
  A ball python (D:1)
  15 bats
  5 frilled lizards
  A jackal skeleton (D:5)
  26 kobolds
  A quokka skeleton (D:4)
  A quokka zombie (D:9)
  11 rats
  A fungus (Lair:4)
693 creatures vanquished.

Vanquished Creatures (others)
  A wizard (D:6)
  27 fungi
  58 plants
86 creatures vanquished.

Grand Total: 779 creatures vanquished

Notes
Turn   | Place    | Note
-------+----------+-------------------------------------------
     0 | D:1      | equalderp2856 the Felid Fighter began the quest for the Orb.
     0 | D:1      | Reached XP level 1. HP: 10/10 MP: 2/2
   232 | D:1      | Reached XP level 2. HP: 2/14 MP: 3/3
  1244 | D:2      | Reached XP level 3. HP: 17/17 MP: 4/4
  1267 | D:3      | Noticed Shiggs's ghost (amateur GrFE)
  1454 | D:4      | Noticed an ogre
  1462 | D:4      | Noticed an ogre
  2004 | D:3      | Reached skill level 5 in Unarmed Combat
  2441 | D:3      | Noticed Terence
  2444 | D:3      | Reached XP level 4. HP: 16/21 MP: 5/5
  2738 | D:2      | Found a shattered altar of Ashenzari.
  3375 | D:3      | Killed Terence
  3375 | D:3      | Reached skill level 1 in Stealth
  3762 | D:3      | Found a sacrificial altar of Ru.
  4016 | D:4      | Killed an ogre
  4016 | D:4      | Reached skill level 5 in Dodging
  4016 | D:4      | Reached skill level 6 in Unarmed Combat
  4016 | D:4      | Reached XP level 5. HP: 24/24 MP: 6/6
  4306 | D:4      | Found a burning altar of Makhleb.
  4306 | D:4      | Found a deep blue altar of Sif Muna.
  4311 | D:4      | Found a shadowy altar of Dithmenos.
  4313 | D:4      | Found a shattered altar of Ashenzari.
  4314 | D:4      | Found an iron altar of Okawaru.
  4359 | D:4      | Gained mutation: You are covered in thick fur. (AC +2) [Felid growth]
  4359 | D:4      | Reached XP level 6. HP: 27/28 MP: 7/7
  4370 | D:4      | Noticed Grinder
  4383 | D:5      | Entered Level 5 of the Dungeon
  4871 | D:5      | Reached XP level 7. HP: 27/31 MP: 8/8
  4882 | D:5      | Reached skill level 7 in Unarmed Combat
  5265 | D:5      | Found a staircase to the Ecumenical Temple.
  5585 | D:5      | Reached skill level 5 in Stealth
  5803 | D:5      | Reached skill level 8 in Unarmed Combat
  6487 | D:6      | Found a bloodstained altar of Trog.
  6489 | D:6      | Reached XP level 8. HP: 36/36 MP: 9/9
  6575 | D:6      | Noticed a wizard
  6578 | D:6      | Killed a wizard
  7229 | D:6      | Found a snail-covered altar of Cheibriados.
  7686 | D:7      | Learned a level 1 spell: Shock
  7690 | D:7      | Learned a level 2 spell: Repel Missiles
  7693 | D:7      | Learned a level 2 spell: Swiftness
  7802 | D:7      | Reached skill level 9 in Unarmed Combat
  8296 | D:8      | Noticed Grum
  8333 | D:8      | Reached XP level 9. HP: 15/39 MP: 10/10
  8826 | D:8      | Reached skill level 10 in Unarmed Combat
  9016 | D:8      | Found a staircase to the Lair.
  9016 | D:8      | Noticed Joseph
  9454 | D:8      | Killed Grum
 10011 | D:8      | Reached skill level 11 in Unarmed Combat
 10011 | D:8      | Reached skill level 1 in Spellcasting
 10011 | D:8      | Reached skill level 1 in Air Magic
 10971 | Lair:1   | Entered Level 1 of the Lair of Beasts
 10980 | Lair:1   | Reached skill level 1 in Conjurations
 10999 | Lair:1   | Noticed a black mamba
 11009 | Lair:1   | Killed a black mamba
 11009 | Lair:1   | Reached XP level 10. HP: 43/43 MP: 13/13
 11058 | Lair:1   | Got an ancient tin ring
 11062 | Lair:1   | Got a slimy bone ring
 12839 | Lair:1   | Noticed a spiny frog
 13631 | Lair:2   | Noticed Harold
 13642 | Lair:2   | Noticed a spiny frog
 14211 | D:9      | Found a basalt altar of Yredelemnul.
 14285 | D:9      | Reached skill level 12 in Unarmed Combat
 14336 | D:9      | Reached skill level 10 in Stealth
 15294 | D:9      | Identified the ring of Attitude {rCorr *Slow rF+++ rC+ Str+2} (You found it on level 1 of the Lair of Beasts)
 15296 | D:9      | Identified the ring "Ewkipn" {-Tele +Inv MR- Int+8 Stlth+} (You found it on level 1 of the Lair of Beasts)
 15549 | D:10     | Entered Level 10 of the Dungeon
 16043 | D:10     | Noticed Gastronok
 16352 | D:10     | Killed Gastronok
 16352 | D:10     | Reached XP level 11. HP: 46/46 MP: 14/16
 16582 | D:10     | Noticed a green ugly thing
 16685 | D:10     | Reached skill level 13 in Unarmed Combat
 16962 | D:10     | Noticed a hill giant
 17403 | D:10     | Noticed a flayed ghost
 18761 | D:10     | Killed a flayed ghost
 19580 | D:11     | Slain by a manticore
 19581 | D:11     | Reached XP level 10. HP: 0/43 MP: 15/15
 19596 | D:11     | Killed a manticore
 20025 | D:11     | Noticed a hill giant
 20032 | D:11     | Killed a hill giant
 20032 | D:11     | Reached skill level 14 in Unarmed Combat
 20242 | D:11     | Noticed a gargoyle
 20256 | D:11     | Killed a gargoyle
 20513 | D:11     | Noticed a cyclops
 20982 | D:11     | Killed a cyclops
 20982 | D:11     | Reached XP level 11. HP: 46/46 MP: 16/16
 21869 | D:12     | Noticed a skeletal warrior
 21869 | D:12     | Noticed a skeletal warrior
 21869 | D:12     | Noticed a skeletal warrior
 21891 | D:12     | Noticed a deep elf mage
 21981 | D:12     | Killed a deep elf mage
 22639 | D:13     | Reached skill level 15 in Unarmed Combat
 22922 | D:13     | Noticed a hill giant
 23466 | D:12     | Noticed an orc knight
 25061 | Lair:2   | Reached skill level 10 in Dodging
 25061 | Lair:2   | Gained mutation: Your thick and shaggy fur keeps you warm. (AC +3, rC+) [Felid growth]
 25061 | Lair:2   | Reached XP level 12. HP: 51/51 MP: 17/17
 26408 | Lair:3   | Noticed a catoblepas
 27169 | Lair:3   | Noticed a seven-headed hydra
 27601 | Lair:3   | Reached skill level 5 in Fighting
 27602 | Lair:3   | Reached skill level 16 in Unarmed Combat
 30287 | Lair:4   | You fall through a shaft!
 30387 | Lair:5   | Noticed a death yak
 32123 | Lair:4   | Noticed Scuka's ghost (journeyman CeHu)
 32278 | Lair:4   | Reached XP level 13. HP: 46/54 MP: 19/19
 32744 | Lair:4   | Found a staircase to the Snake Pit.
 33438 | Lair:4   | Slain by a black mamba
 33439 | Lair:4   | Reached XP level 12. HP: -3/51 MP: 18/18
 33444 | Snake:1  | Entered Level 1 of the Snake Pit
 33475 | Snake:1  | Found Kafimodi's General Store.
 33540 | Snake:1  | Noticed a naga warrior
 33564 | Snake:1  | Noticed a naga warrior
 33571 | Snake:1  | Killed a naga warrior
 33870 | Snake:1  | Killed a naga warrior
 34550 | Lair:4   | Identified a scroll of acquirement
 35031 | Lair:4   | Noticed an alligator
 35036 | Lair:4   | Found a staircase to the Swamp.
 35369 | Lair:5   | Noticed Nessos
 35405 | Lair:5   | HP: 2/55 [komodo dragon (22)]
 36008 | Lair:5   | Noticed a six-headed hydra
 36348 | Lair:5   | Noticed an entropy weaver
 36972 | D:8      | Killed Joseph
 39661 | D:10     | Noticed an ettin
 39675 | D:10     | Mangled by an ettin
 39676 | D:10     | Reached XP level 11. HP: -7/52 MP: 17/17
 39700 | D:10     | Killed an ettin
 39700 | D:10     | Reached skill level 17 in Unarmed Combat
 40669 | D:14     | Reached XP level 12. HP: 56/56 MP: 18/18
 40976 | D:14     | Noticed a catoblepas
 41186 | D:14     | Got a wavering emerald amulet
 41237 | D:14     | Identified the amulet "Bextuxtia" {Spirit rElec MR++ Str-5 Dex+8} (You found it on level 14 of the Dungeon)
 41416 | D:14     | Noticed a centaur warrior
 41496 | D:14     | Noticed a death knight
 41503 | D:14     | Killed a death knight
 41682 | D:14     | Killed a centaur warrior
 42201 | D:14     | Noticed a seven-headed hydra
 42302 | D:13     | Learned a level 1 spell: Magic Dart
 43047 | D:13     | Found a gate to the Vaults.
 43909 | D:15     | Entered Level 15 of the Dungeon
 44143 | D:14     | Noticed a centaur warrior
 44267 | D:13     | Killed a centaur warrior
 45134 | D:14     | Reached skill level 15 in Stealth
 45225 | D:15     | Noticed a centaur warrior
 46154 | D:12     | Reached skill level 1 in Charms
 46265 | D:12     | Reached XP level 13. HP: 60/60 MP: 17/19
 46928 | D:12     | Found a roughly hewn altar of Beogh.
 46928 | D:12     | Found a staircase to the Orcish Mines.
 49140 | D:15     | Reached skill level 18 in Unarmed Combat
 49358 | D:15     | Reached skill level 10 in Fighting
 49686 | D:15     | Found a staircase to the Depths.
 51827 | Lair:2   | Killed Harold
 52628 | Lair:4   | Learned a level 2 spell: Passwall
 52935 | Lair:6   | Entered Level 6 of the Lair of Beasts
 53026 | Lair:6   | Reached XP level 14. HP: 52/66 MP: 20/20
 53586 | Lair:4   | Learned a level 1 spell: Confusing Touch
 53590 | Lair:4   | Learned a level 3 spell: Confuse
 53951 | Lair:5   | Noticed an entropy weaver
 54552 | Lair:5   | Killed an entropy weaver
 55112 | Lair:4   | Slain by Scuka's ghost
 55113 | Lair:4   | Reached XP level 13. HP: -4/62 MP: 19/19
 55132 | Lair:4   | HP: 1/62 [Scuka's ghost (24)]
 55132 | Lair:4   | Mangled by Scuka's ghost

Skill      XL: |  1  2  3  4  5  6  7  8  9 10 11 12 13 14 |
---------------+-------------------------------------------+-----
Unarmed Combat | 5 6 8 9 11 14 17 16 18 | 18.5
Stealth        | 2 4 6 8 9 10 13 15 16 | 16.0
Dodging        | 5 6 7 8 10 11 12 | 12.5
Fighting       | 4 9 10 | 10.3
Spellcasting   | 1 3 |  3.8
Air Magic      | 1 2 3 |  3.0
Conjurations   | 1 2 3 |  3.2
Charms         | 1 |  1.3

Action                   |  1- 3 |  4- 6 |  7- 9 | 10-12 | 13-15 || total
-------------------------+-------+-------+-------+-------+-------++-------
Melee: Unarmed           |   116 |   141 |   289 |  1499 |   492 ||  2537
       Bite              |     5 |    11 |    25 |   212 |    81 ||   334
       Punch             |       |     1 |     9 |   146 |    66 ||   222
 Cast: Shock             |       |       |    13 |    50 |     2 ||    65
       Repel Missiles    |       |       |     1 |     7 |     2 ||    10
       Magic Dart        |       |       |       |    10 |    15 ||    25
       Swiftness         |       |       |       |     4 |     1 ||     5
       Passwall          |       |       |       |       |     1 ||     1
       Confusing Touch   |       |       |       |       |     3 ||     3
Evoke: Wand              |       |       |       |       |     3 ||     3
  Use: Scroll            |       |       |    14 |    17 |     5 ||    36
       Potion            |       |       |     1 |     5 |     2 ||     8
 Stab: Sleeping          |     2 |     9 |    16 |    58 |     6 ||    91
       Distracted        |       |       |     1 |    29 |    13 ||    43
       Confused          |       |       |       |       |     1 ||     1
  Eat: Chunk             |     7 |     7 |     8 |    59 |    11 ||    92
       Pizza             |       |       |       |     3 |       ||     3
       Meat ration       |       |       |       |     1 |     2 ||     3
Armor: Skin              |     7 |     6 |     9 |    23 |    10 ||    55
Dodge: Dodged            |   121 |   126 |   224 |  1103 |   361 ||  1935
       Deflected         |       |       |       |    16 |     4 ||    20
